 Dungeon Crawl Stone Soup version 0.20.1-1-g8b1a95d (webtiles) character file.

210 VajrapaniSR the Chopper (level 5, -1/72 HPs)
             Began as a Minotaur Berserker on July 3, 2017.
             Was a Believer of Trog.
             Killed by nerve-wracking pain
             ... invoked by an orc priest
              (10 damage)
             ... on level 3 of the Dungeon.
             The game lasted 00:05:49 (1028 turns).

VajrapaniSR the Chopper (Minotaur Berserker)        Turns: 1028, Time: 00:05:50

Health: -1/72      AC:  8    Str: 26    XL:     5   Next: 57%
Magic:  4/4        EV:  9    Int:  4    God:    Trog [**....]
Gold:   25         SH:  0    Dex: 11    Spells: 4/4 levels left

rFire    . . .     SeeInvis .   a - +0 war axe
rCold    . . .     Gourm    .   (no shield)
rNeg     . . .     Faith    .   n - +0 chain mail
rPois    .         Spirit   .   (helmet restricted)
rElec    .         Reflect  .   (no cloak)
rCorr    .         Harm     .   (no gloves)
MR       .....                  (no boots)
Stlth    ..........             (no amulet)
Regen    0.3/turn               (no ring)
MPRegen  0.1/turn               (no ring)

@: berserking, very quick
A: retaliatory headbutt, horns 2
a: Berserk, Trog's Hand, Burn Spellbooks, Renounce Religion


You were on level 3 of the Dungeon.
You worshipped Trog.
Trog was pleased with you.
You were hungry.

You visited 1 branch of the dungeon, and saw 4 of its levels.

You collected 25 gold pieces.

Inventory:

Hand Weapons
 a - a +0 war axe (weapon)
Armour
 n - a +0 chain mail (worn)
Wands
 o - a wand of enslavement (19/24)
Scrolls
 b - a scroll of teleportation
 g - a scroll of magic mapping
 h - 3 scrolls of identify
 i - a scroll of fear {unknown}
 k - 3 scrolls of remove curse
Potions
 d - a potion of cancellation
 e - a potion of brilliance
 j - 2 potions of agility
Comestibles
 c - 2 bread rations
 f - 5 chunks of flesh
 m - a royal jelly


   Skills:
 + Level 5.4 Fighting
 * Level 6.4 Axes
 - Level 2.4 Armour
 - Level 2.1 Dodging


You had 4 spell levels left.
You didn't know any spells.

Dungeon Overview and Level Annotations

Branches:
Dungeon (4/15)
 Temple: D:4-7

Altars:
Ashenzari
Uskayaw
Zin

Annotations:
D:4 Pikel


Innate Abilities, Weirdness & Mutations

You reflexively headbutt those who attack you in melee.
You have a pair of horns on your head.


Message History

* * * LOW HITPOINT WARNING * * *
You take 13 damage, and have 18/48 hp.
MASSIVE DAMAGE!!
You hit the orc priest. You headbutt the orc priest.
The orc priest hits you with a mace.
* * * LOW HITPOINT WARNING * * *
You closely miss the orc priest. Your headbutt misses the orc priest.
The orc priest invokes the aid of Beogh against you.
Beogh smites you!
* * * LOW HITPOINT WARNING * * *
You are too injured to fight recklessly!
You take 13 damage, and have 5/48 hp.
MASSIVE DAMAGE!!
Unknown command.
You hit the orc priest but do no damage.
Your headbutt misses the orc priest. The orc priest barely misses you.
A red film seems to cover your vision as you go berserk!
You feel yourself moving faster!
You feel mighty!
You are feeling hungry.
The orc priest invokes the aid of Beogh against you.
Pain shoots through your body!
You die...

.................#.##.
....#
.................#..
..................## ##..
...................#.....
..................(#....#
....................#
...................##
.........†..........+
.....>.....)....@...#
................o...#
......................#
!..........)............
........................
.#..............#(......
###..........#..#......)
##............#.#.....
................ .#


You could see an orc priest.

Vanquished Creatures
  A slave (D:3)
  A hound (D:4)
  A bullfrog skeleton (D:4)
  2 worker ants (D:4)
  A hound skeleton (D:4)
  4 adders
  An ooze (D:1)
  A worm (D:3)
  3 leopard geckos
  7 orcs
  4 ball pythons
  4 bats
  2 giant cockroaches
  A goblin (D:1)
  5 hobgoblins
  A kobold (D:3)
  3 frilled lizards
  A rat (D:3)
43 creatures vanquished.

Notes
Turn   | Place    | Note
-------+----------+-------------------------------------------
     0 | D:1      | VajrapaniSR the Minotaur Berserker began the quest for the Orb.
     0 | D:1      | Reached XP level 1. HP: 19/19 MP: 0/0
   269 | D:1      | Reached skill level 4 in Axes
   272 | D:1      | Reached XP level 2. HP: 22/27 MP: 1/1
   500 | D:2      | Reached XP level 3. HP: 29/33 MP: 2/2
   617 | D:3      | Reached skill level 5 in Axes
   668 | D:4      | Reached XP level 4. HP: 18/41 MP: 3/3
   770 | D:3      | Found a shattered altar of Ashenzari.
   804 | D:4      | Reached skill level 5 in Fighting
   805 | D:4      | Reached skill level 6 in Axes
   805 | D:4      | Reached XP level 5. HP: 40/48 MP: 4/4
   817 | D:4      | Found a hide-covered altar of Uskayaw.
   869 | D:4      | Found a glowing silver altar of Zin.
   910 | D:4      | Noticed a slave
   912 | D:4      | Noticed a slave
   913 | D:4      | Noticed Pikel
   914 | D:4      | Noticed a slave
   915 | D:4      | Noticed a slave
   931 | D:3      | Killed a slave
   943 | D:3      | Reached ** piety under Trog
  1028 | D:3      | Killed from afar by an orc priest

Skill      XL: |  1  2  3  4 |
---------------+-------------+-----
Axes           | 4 5 6 |  6.4
Fighting       | 4 5 |  5.4
Armour         | |  2.4
Dodging        | |  2.1

Action                   |  1- 3 |  4- 6 || total
-------------------------+-------+-------++-------
Melee: Hand axe          |    42 |     5 ||    47
       Headbutt          |     7 |    11 ||    18
       War axe           |       |    52 ||    52
Invok: Berserk           |     3 |     1 ||     4
  Use: Scroll            |     2 |     5 ||     7
       Potion            |       |     3 ||     3
  Eat: Chunk             |     1 |     2 ||     3
Armor: Animal skin       |     4 |       ||     4
       Ring mail         |    13 |     4 ||    17
       Chain mail        |       |    28 ||    28
Dodge: Dodged            |    47 |    33 ||    80
